 Dungeon Crawl Stone Soup version 0.20.0-8-g6b59dc7 (webtiles) character file.

108 Bunnehwyld the Cudgeler (level 4, -4/44 HPs)
             Began as a Troll Berserker on June 2, 2017.
             Was a Believer of Trog.
             Slain by a gnoll
             ... wielding a +0 spear
              (12 damage)
             ... on level 3 of the Dungeon.
             The game lasted 00:08:40 (1592 turns).

Bunnehwyld the Cudgeler (Troll Berserker)           Turns: 1592, Time: 00:08:40

Health: -4/44      AC:  5    Str: 25    XL:     4   Next: 58%
Magic:  3/3        EV: 10    Int:  4    God:    Trog [**....]
Gold:   151        SH:  0    Dex:  9    Spells: 3/3 levels left

rFire    . . .     SeeInvis .   a - +0 mace
rCold    . . .     Gourm    +   (no shield)
rNeg     . . .     Faith    .   b - +0 animal skin
rPois    .         Spirit   .   (helmet restricted)
rElec    .         Reflect  .   (no cloak)
rCorr    .         Harm     .   (gloves unavailable)
MR       .....                  (boots unavailable)
Stlth    +.........             (no amulet)
Regen    0.6/turn               (no ring)
MPRegen  0.1/turn               (no ring)

@: berserk cooldown, slowed, very slow
A: unfitting armour, claws 3, fast metabolism 3, gourmand, regeneration 1,
shaggy fur 1, tough skin 2
a: Berserk, Trog's Hand, Burn Spellbooks, Renounce Religion


You were on level 3 of the Dungeon.
You worshipped Trog.
Trog was pleased with you.
You were very full.

You visited 1 branch of the dungeon, and saw 3 of its levels.

You collected 151 gold pieces.

Inventory:

Hand Weapons
 a - a +0 mace (weapon)
Missiles
 d - 4 javelins (quivered)
Armour
 b - a +0 animal skin (worn)
Jewellery
 h - an uncursed ring of fire
Scrolls
 l - 3 scrolls of remove curse
 m - 2 scrolls of teleportation
 p - a scroll of recharging {unknown}
Potions
 e - 3 potions of ambrosia
 i - a potion of brilliance
 k - a potion of heal wounds
 n - a potion of lignification {unknown}
 o - 2 potions of flight
Comestibles
 c - 6 bread rations
 f - 6 chunks of flesh
 g - 3 meat rations


   Skills:
 - Level 2.4 Fighting
 + Level 4.0 Maces & Flails
 + Level 2.5 Throwing
 - Level 2.4 Dodging


You had 3 spell levels left.
You didn't know any spells.

Dungeon Overview and Level Annotations

Branches:
Dungeon (3/15)

Altars:
Vehumet
Yredelemnul
The Shining One

Annotations:
D:3 Grinder


Innate Abilities, Weirdness & Mutations

You are too large for most types of armour.
You have claws for hands.
Your metabolism is lightning-fast.
You like to eat raw meat.
Your natural rate of healing is unusually fast.
You are covered in fur. (AC +1)
You have very tough skin. (AC +2)


Message History

You hit Grinder.
Grinder is moderately wounded.
The gnoll barely misses you.
Grinder blinks!
The hobgoblin hits you but does no damage.
The gnoll hits you from afar with a spear.
* * * LOW HITPOINT WARNING * * *
Grinder blinks!
A gnoll and a dart slug come into view.
Your skin stops crawling.
You feel less resistant to hostile enchantments.
Grinder blinks!
The hobgoblin hits you.
* * * LOW HITPOINT WARNING * * *
The gnoll hits you from afar with a spear.
* * * LOW HITPOINT WARNING * * *
Unknown command.
The gnoll shouts!
You barely miss the hobgoblin. The hobgoblin barely misses you.
The gnoll hits you but does no damage. The hobgoblin closely misses you.
The gnoll hits you from afar with a spear!
You die...

###...####§.§.§.#...#.§.§.§###
#.....###########...##########
#.############ ##.##############
...# ###.....# #..##...........
...###....#########...÷..........
..............<.....##...........
..>#.###..#########............$.
...#.###.#############w.......!..
####.....(......@gggg.......†....
#...################5.........
######.# #......(..... #......#
....#.......... #...........$
#####.........! #############
##......... #......... #.%.......


You could see Grinder, 3 gnolls, a dart slug and a hobgoblin.

Vanquished Creatures
  Jessica (D:2)
  2 adders (D:3)
  A worm (D:2)
  2 dart slugs
  3 leopard geckos
  2 orcs (D:3)
  6 bats
  6 giant cockroaches
  3 jackals (D:1)
  5 kobolds
  A quokka (D:3)
  2 ball pythons
  5 frilled lizards
  3 goblins (D:1)
  14 rats
56 creatures vanquished.

Notes
Turn   | Place    | Note
-------+----------+-------------------------------------------
     0 | D:1      | Bunnehwyld the Troll Berserker began the quest for the Orb.
     0 | D:1      | Reached XP level 1. HP: 22/22 MP: 0/0
    53 | D:1      | Reached skill level 1 in Throwing
    61 | D:1      | Reached XP level 2. HP: 13/29 MP: 1/1
   141 | D:1      | Reached skill level 3 in Maces & Flails
   587 | D:1      | Reached XP level 3. HP: 34/36 MP: 2/2
   781 | D:2      | Found a radiant altar of Vehumet.
   904 | D:2      | Noticed Jessica
   915 | D:2      | Killed Jessica
  1097 | D:2      | Reached ** piety under Trog
  1167 | D:2      | Reached XP level 4. HP: 29/44 MP: 3/3
  1492 | D:3      | Found a glowing golden altar of the Shining One.
  1494 | D:3      | Noticed an angel
  1501 | D:3      | Found a basalt altar of Yredelemnul.
  1503 | D:3      | Noticed a profane servitor
  1560 | D:3      | Reached skill level 4 in Maces & Flails
  1569 | D:3      | Noticed Grinder
  1592 | D:3      | Slain by a gnoll

Skill      XL: |  1  2  3  4 |
---------------+-------------+-----
Throwing       | 1 2 |  2.5
Maces & Flails | 3 4 |  4.0
Fighting       | |  2.4
Dodging        | |  2.4

Action                   |  1- 3 |  4- 6 || total
-------------------------+-------+-------++-------
Melee: Mace              |   124 |    46 ||   170
Invok: Berserk           |     2 |     1 ||     3
       Trog's Hand       |       |     1 ||     1
  Use: Scroll            |     4 |       ||     4
       Potion            |       |     3 ||     3
  Eat: Chunk             |    19 |     3 ||    22
Armor: Animal skin       |    72 |    27 ||    99
Dodge: Dodged            |    85 |    30 ||   115
